 Dungeon Crawl Stone Soup version 0.24.0-13-gcf9b319 (webtiles) character file.

Game seed: 231997131606102992, levelgen mode: deterministic

62192 Bronimir the Tainter (level 15, -1/85 HPs)
             Began as a Gargoyle Venom Mage on Mar 20, 2020.
             Was a High Priest of Makhleb.
             Slain by a demonic crawler (5 damage)
             ... on level 3 of the Spider Nest on Mar 21, 2020.
             The game lasted 02:00:24 (24852 turns).

Bronimir the Tainter (Gargoyle Venom Mage)         Turns: 24852, Time: 02:00:25

Health: -1/85      AC: 28    Str: 19 (21) XL:     15   Next: 5%
Magic:  25/27      EV: 12    Int: 17      God:    Makhleb [*****.]
Gold:   1113       SH:  2    Dex: 10      Spells: 7/30 levels left

rFire    + . .     SeeInvis .   a - +2 dire flail (protect)
rCold    + . .     Gourm    .   (shield currently unavailable)
rNeg     + + .     Faith    .   e - +2 scale mail {rN+}
rPois    ∞         Spirit   .   P - +1 hat
rElec    +         Reflect  +   y - +1 cloak
rCorr    .         Harm     .   Q - +0 pair of gloves
MR       +....                  A - +0 pair of boots
Stlth    ..........             v - +2 amulet of reflection
HPRegen  0.24/turn              q - ring of protection from fire
MPRegen  0.20/turn              F - ring of protection from cold

@: flying
A: big wings, talons 1, deterioration 1, negative energy resistance 1,
electricity resistance, strong 2, unbreathing, petrification resistance, rot
immunity, AC +11
a: Stop Flying, Minor Destruction, Lesser Servant of Makhleb, Major Destruction,
Greater Servant of Makhleb, Renounce Religion


You were on level 3 of the Spider Nest.
You worshipped Makhleb.
Makhleb was extremely pleased with you.
You were not hungry.

You visited 4 branches of the dungeon, and saw 19 of its levels.

You collected 1113 gold pieces.

Inventory:

Hand Weapons
 a - a +2 dire flail of protection (weapon)
 b - a +0 shortbow
 g - a +0 quarterstaff of freezing
 j - a +2 flail of crushing
 p - a +1 whip of electrocution
 s - the +12 dagger of Compound Interest {pierce, rElec Stlth+, unknown}
   (You found it on level 3 of the Lair of Beasts)

   It inflicts extra damage upon your enemies.
   It insulates you from electricity.
   It makes you more stealthy.
 t - a +0 hand crossbow
 x - a +2 mace of holy wrath
 X - a +0 hand crossbow
Missiles
 w - 61 poisoned darts (quivered)
 z - 280 arrows
 C - 86 bolts
Armour
 e - a +2 scale mail of positive energy (worn)
 k - a +0 buckler
 y - a +1 cloak (worn)
 A - a +0 pair of boots (worn)
 P - a +1 hat (worn)
 Q - a +0 pair of gloves (worn)
 U - a +0 buckler
Magical Staves
 D - an uncursed staff of power
 G - an uncursed staff of air
 R - an uncursed staff of energy
 Z - an uncursed staff of cold {unknown}
Jewellery
 f - an uncursed ring of ice
 q - a ring of protection from fire (left hand)
 v - a +2 amulet of reflection (around neck)
 F - a ring of protection from cold (right hand)
 K - an uncursed amulet of faith
 V - an uncursed ring of positive energy
Wands
 d - a wand of digging (13)
 E - a wand of enslavement (22)
 I - a wand of iceblast (8)
 L - a wand of paralysis (21)
 O - a wand of acid (9)
Scrolls
 h - 5 scrolls of teleportation
 i - 7 scrolls of magic mapping
 l - a scroll of fog
 B - 5 scrolls of identify
 J - 6 scrolls of remove curse
 S - a scroll of enchant armour {unknown}
 T - a scroll of amnesia
 Y - a scroll of enchant weapon
Potions
 m - 3 potions of agility
 n - 2 potions of haste
 o - a potion of cancellation
 r - 2 potions of might
 u - 3 potions of berserk rage
 H - a potion of curing
 M - 2 potions of flight
 N - 3 potions of lignification
Miscellaneous
 W - a sack of spiders
Comestibles
 c - 37 rations


   Skills:
 + Level 6.6 Fighting
 + Level 0.2 Short Blades
 + Level 10.1 Maces & Flails
 + Level 1.3(6.5) Staves
 + Level 1.6 Bows
 + Level 0.2 Throwing
 * Level 9.9 Armour
 + Level 5.7 Dodging
 - Level 2.1 Stealth
 - Level 4.0 Shields
 + Level 0.8 Unarmed Combat
 + Level 8.0 Spellcasting
 + Level 10.9 Conjurations
 * Level 5.3 Fire Magic
 - Level 0.4 Air Magic
 + Level 11.0 Poison Magic
 * Level 10.5 Invocations
 + Level 2.4 Evocations


You had 7 spell levels left.
You knew the following spells:

 Your Spells              Type           Power        Failure   Level  Hunger
a - Sting                 Conj/Pois      ####         1%          1    None
b - Poisonous Vapours     Pois/Air       ####..       3%          2    None
c - Mephitic Cloud        Conj/Pois/Air  ####....     3%          3    #......
d - Olgreb's Toxic Radia  Pois           #####...     2%          4    ###....
e - Venom Bolt            Conj/Pois      #####.....   8%          5    #####..
f - Ignite Poison         Fire/Tmut/Pois ####....     8%          3    #......
g - Fireball              Conj/Fire      ####......   26%         5    #####..

Your spell library contained the following spells:

 Spells                   Type           Power        Failure   Level  Hunger
 Confusing Touch          Hex            #.....       26%         1    None
 Confuse                  Hex            #.......     58%         3    #......
 Gell's Gravitas          Tloc           #.........   58%         3    #......
 Bolt of Fire             Conj/Fire      ####......   80%         6    ######.
 Petrify                  Tmut/Erth      #.......     94%         4    ###....
 Metabolic Englaciation   Hex/Ice        #.........   100%        5    #####..
 Yara's Violent Unravell  Hex/Tmut       #.........   100%        5    #####..
 Ring of Flames           Chrm/Fire      ###.......   100%        7    #######
 Ignition                 Fire           ###.......   100%        8    #######


Dungeon Overview and Level Annotations

Branches:
Dungeon (9/15)             Temple (1/1) D:4            Lair (5/6) D:9
 Shoals (0/4) Lair:2       Spider (4/4) Lair:2          Orc (0/2) D:9
  Slime: Lair:5-6

Altars:
Ashenzari
Cheibriados
Dithmenos
Elyvilon
Fedhas
Gozag
Hepliaklqana
Kikubaaqudgha
Makhleb
Nemelex Xobeh
Okawaru
Qazlal
Ru
Sif Muna
Trog
Uskayaw
Vehumet
Wu Jian
Xom
Yredelemnul
Zin
The Shining One


Innate Abilities, Weirdness & Mutations

You are resistant to torment.
Your stone body is resilient. (AC +11)
You are immune to poison.
Your large and strong wings let you fly indefinitely.
You resist negative energy. (rN+)
You are resistant to electric shocks. (rElec)
You can survive without breathing.
You are immune to petrification.
You are immune to rotting.
You have sharp toenails.
Your body sometimes deteriorates upon taking damage.
Your muscles are very strong. (Str +4)


Message History

The demonic crawler hits you but does no damage. x2
You fly upwards.
You feel yourself speed up.
There is a stone staircase leading down here.
A demon appears!
The demonic crawler closely misses you.
The demonic crawler completely misses you.
The demonic crawler barely misses you.
The demonic crawler hits you but does no damage.
The demonic crawler completely misses you.
The demonic crawler hits you but does no damage.
A demon appears!
The demonic crawler hits you.
* * * LOW HITPOINT WARNING * * *
The demonic crawler hits you but does no damage.
The demonic crawler closely misses you. The demonic crawler misses you.
The demonic crawler closely misses you. The demonic crawler hits you!
* * * LOW HITPOINT WARNING * * *
Your orange demon stings the demonic crawler from afar.
The demonic crawler hits you but does no damage.
The demonic crawler hits you.
You die...

### #### ###### ##.####..###
#.##.#####..#.#.....##
##..[.......#........# ##
##........4.4........#
.####(##........@........#
#..##.####....##ss.......#
###.....###^.##^.........#
##.........##.....^^....###
##..........#..............#
...........#............^.##
##.........#.............)#
#........^.#.............##
#.^.........#............#


You could see 2 demonic crawlers and 2 friendly orange demons.

Vanquished Creatures
  Gastronok (D:8)
  2 entropy weavers
  Harold (Lair:1)
  3 hydras
  4 death yaks
  Pikel (D:5)
  17 wolf spiders
  11 orb spiders
  An oklob plant (Lair:4)
  2 moths of wrath
  A merfolk siren (Lair:2)
  3 black mambas
  2 molten gargoyles (Lair:3)
  7 spiny frogs
  A rime drake (Lair:2)
  4 komodo dragons
  3 demonic crawlers
  2 trolls (D:9)
  A merfolk (Lair:2)
  A polar bear (Lair:2)
  22 jumping spiders
  3 hornets
  9 hippogriffs
  Grinder (D:4)
  18 blink frogs
  43 redbacks
  20 tarantellas
  3 wyverns (D:9)
  30 yaks
  Grum (D:8)
  A basilisk (Lair:4)
  2 steam dragons
  8 water moccasins
  3 porcupines
  2 phantoms
  5 ice beasts
  A slave (D:5)
  3 sky beasts
  2 orc warriors (D:9)
  6 ogres
  3 wolves (D:8)
  5 centaurs
  9 crocodiles
  9 bullfrogs
  A scorpion (D:9)
  5 wights (D:9)
  3 howler monkeys
  6 crimson imps
  A jelly (D:5)
  4 lava snakes (Lair:3)
  3 bullfrog skeletons
  2 bullfrog zombies
  A centaur skeleton (D:8)
  4 hounds
  6 orc priests
  11 orc wizards
  An iguana (D:9)
  Jessica (D:2)
  Terence (D:2)
  4 worker ants
  2 hound skeletons
  A howler monkey skeleton (D:9)
  A worker ant zombie (D:7)
  A gnoll (D:5)
  13 adders
  A shadow imp (D:5)
  4 oozes
  2 adder skeletons
  An adder zombie (D:9)
  2 dart slugs (D:2)
  9 leopard geckos
  26 orcs
  A ball python (D:4)
  4 giant cockroaches
  6 goblins
  6 hobgoblins
  6 quokkas
  13 bats
  A frilled lizard (D:5)
  A jackal skeleton (D:4)
  11 kobolds
  A leopard gecko skeleton (D:2)
  2 quokka skeletons
  A quokka zombie (D:6)
  6 rats
  A plant (D:1)
454 creatures vanquished.

Vanquished Creatures (collateral kills)
  Fannar (Lair:2)
  A hydra (Lair:5)
  An orb spider (Spider:1)
  A merfolk siren (Lair:2)
  A black mamba (Lair:5)
  3 spiny frogs
  3 demonic crawlers
  2 jumping spiders (Spider:4)
  A merfolk (Lair:2)
  2 redbacks (Spider:4)
  A porcupine (Lair:5)
  A water moccasin (Lair:1)
18 creatures vanquished.

Vanquished Creatures (others)
  A lava snake (Lair:3)
  An orc (D:5)
  3 fungi
  3 plants
8 creatures vanquished.

Grand Total: 480 creatures vanquished

Notes
Turn   | Place    | Note
-------+----------+-------------------------------------------
     0 | D:1      | Bronimir the Gargoyle Venom Mage began the quest for the
                  | Orb.
     0 | D:1      | Reached XP level 1. HP: 10/10 MP: 3/3
   101 | D:1      | Reached skill level 1 in Armour
   101 | D:1      | Reached XP level 2. HP: 15/15 MP: 1/5
   611 | D:1      | Learned a level 2 spell: Poisonous Vapours
  1003 | D:2      | Found a faded altar of an unknown god.
  1044 | D:2      | Reached XP level 3. HP: 12/19 MP: 1/6
  1149 | D:2      | Noticed Terence
  1170 | D:2      | Killed Terence
  1256 | D:2      | Reached XP level 4. HP: 12/24 MP: 7/7
  1512 | D:2      | Reached skill level 1 in Shields
  1662 | D:2      | Found a sparkling altar of Nemelex Xobeh.
  1677 | D:2      | Reached skill level 1 in Maces & Flails
  2132 | D:2      | Found a blossoming altar of Fedhas.
  2161 | D:2      | Noticed Jessica
  2168 | D:2      | Killed Jessica
  2168 | D:2      | Reached XP level 5. HP: 26/28 MP: 3/8
  2301 | D:2      | Learned a level 3 spell: Mephitic Cloud
  2534 | D:2      | Found a glowing golden altar of the Shining One.
  2916 | D:3      | Noticed an ice beast
  3209 | D:3      | Killed an ice beast
  3209 | D:3      | Reached skill level 1 in Fighting
  3209 | D:3      | Reached skill level 4 in Poison Magic
  3209 | D:3      | Reached XP level 6. HP: 25/34 MP: 8/10
  3835 | D:4      | Found a staircase to the Ecumenical Temple.
  3841 | Temple   | Entered the Ecumenical Temple
  3914 | Temple   | Became a worshipper of Makhleb the Destroyer
  3997 | D:4      | Noticed Grinder
  4026 | D:4      | Killed Grinder
  4026 | D:4      | Reached skill level 1 in Invocations
  4026 | D:4      | Reached XP level 7. HP: 21/38 MP: 5/11
  4184 | D:4      | Found a shattered altar of Ashenzari.
  4677 | D:4      | Found a white marble altar of Elyvilon.
  4723 | D:5      | Entered Level 5 of the Dungeon
  4763 | D:5      | Reached XP level 8. HP: 44/44 MP: 2/12
  5171 | D:5      | Reached * piety under Makhleb
  5181 | D:5      | Noticed Pikel
  5228 | D:5      | Killed Pikel
  5228 | D:5      | Reached skill level 5 in Poison Magic
  5316 | D:5      | Learned a level 4 spell: Olgreb's Toxic Radiance
  5534 | D:6      | Reached XP level 9. HP: 38/49 MP: 4/14
  5683 | D:6      | Found an iron altar of Okawaru.
  6105 | D:6      | Reached skill level 5 in Conjurations
  6241 | D:6      | Reached skill level 6 in Poison Magic
  6496 | D:7      | Reached ** piety under Makhleb
  6607 | D:7      | Found a radiant altar of Vehumet.
  6744 | D:7      | Reached skill level 5 in Invocations
  7309 | D:8      | Noticed Gastronok
  7319 | D:8      | Reached skill level 5 in Maces & Flails
  7359 | D:8      | Killed Gastronok
  7359 | D:8      | Reached skill level 5 in Spellcasting
  7359 | D:8      | Reached skill level 7 in Poison Magic
  7359 | D:8      | Reached XP level 10. HP: 56/56 MP: 2/17
  7529 | D:8      | Noticed Grum
  7555 | D:8      | Killed Grum
  7555 | D:8      | Reached skill level 8 in Poison Magic
  8332 | D:8      | Learned a level 5 spell: Venom Bolt
  8397 | D:9      | Reached *** piety under Makhleb
  8575 | D:9      | Reached XP level 11. HP: 35/60 MP: 3/19
  8755 | D:9      | Noticed a two-headed ogre
  9353 | D:9      | Found a staircase to the Orcish Mines.
  9870 | D:9      | Reached skill level 9 in Poison Magic
  9958 | D:9      | Reached **** piety under Makhleb
 10332 | D:9      | Found a staircase to the Lair.
 10337 | Lair:1   | Entered Level 1 of the Lair of Beasts
 10772 | Lair:1   | Noticed Harold
 10796 | Lair:1   | Noticed a six-headed hydra
 10810 | Lair:1   | Killed Harold
 10825 | Lair:1   | HP: 3/61 [six-headed hydra (7)]
 10825 | Lair:1   | HP: 1/61 [six-headed hydra (2)]
 10828 | Lair:1   | Killed a six-headed hydra
 11048 | Lair:1   | Reached XP level 12. HP: 67/67 MP: 21/21
 11066 | Lair:1   | Reached skill level 5 in Armour
 11490 | Lair:1   | Gained mutation: Your body sometimes deteriorates upon
                  | taking damage. [potion of mutation]
 11490 | Lair:1   | Gained mutation: Your muscles are strong. (Str +2) [potion
                  | of mutation]
 11490 | Lair:1   | Gained mutation: You have sharp toenails. [potion of
                  | mutation]
 11490 | Lair:1   | Gained mutation: Your muscles are very strong. (Str +4)
                  | [potion of mutation]
 11705 | Lair:2   | Noticed Fannar
 11727 | Lair:2   | Killed Fannar
 11727 | Lair:2   | Reached skill level 5 in Dodging
 11885 | Lair:2   | Reached skill level 1 in Evocations
 12163 | Lair:2   | Found a hole to the Spider Nest.
 12207 | Lair:2   | Reached skill level 1 in Staves
 12259 | Lair:2   | Found a staircase to the Shoals.
 13306 | Lair:3   | HP: 2/67 [molten gargoyle/bolt of magma (12)]
 13677 | Lair:3   | Got a dazzling dagger
 13858 | Lair:3   | Noticed a five-headed hydra
 13891 | Lair:3   | Killed a five-headed hydra
 14452 | Lair:3   | Noticed a four-headed hydra
 14464 | Lair:3   | Killed a four-headed hydra
 15154 | Lair:3   | Identified a scroll of acquirement
 16607 | Lair:4   | Reached skill level 5 in Fighting
 16607 | Lair:4   | Reached XP level 13. HP: 70/72 MP: 21/23
 16725 | Lair:4   | Reached skill level 1 in Bows
 16847 | Lair:4   | Reached skill level 10 in Poison Magic
 17603 | Lair:4   | You fall into a shaft and drop 1 floor!
 18206 | Lair:5   | Learned a level 3 spell: Ignite Poison
 18212 | Lair:5   | Learned a level 5 spell: Fireball
 18263 | Lair:5   | Reached ***** piety under Makhleb
 18605 | Lair:4   | Reached skill level 1 in Fire Magic
 19775 | Spider:1 | Entered Level 1 of the Spider Nest
 19910 | Spider:1 | Noticed an entropy weaver
 19930 | Spider:1 | Killed an entropy weaver
 20487 | Spider:1 | Gained mutation: Your large and strong wings let you fly
                  | indefinitely. [Gargoyle growth]
 20487 | Spider:1 | Reached XP level 14. HP: 60/79 MP: 21/24
 21185 | Spider:2 | Reached skill level 10 in Conjurations
 22637 | Spider:3 | Reached skill level 10 in Invocations
 23671 | Spider:3 | Reached skill level 5 in Fire Magic
 24299 | Spider:4 | Entered Level 4 of the Spider Nest
 24299 | Spider:4 | Noticed an entropy weaver
 24307 | Spider:4 | Killed an entropy weaver
 24307 | Spider:4 | Reached skill level 11 in Poison Magic
 24314 | Spider:4 | Reached skill level 10 in Maces & Flails
 24346 | Spider:4 | Reached XP level 15. HP: 85/85 MP: 2/26
 24852 | Spider:3 | HP: 4/85 [demonic crawler (7)]
 24852 | Spider:3 | Slain by a demonic crawler

Levels and vault maps discovered:
D:1:      lemuel_arrival_hallway, layout_rooms, serial_forest,
          infiniplex_forest_lined_2, infiniplex_forest_clump_medium,
          infiniplex_forest_zigzag_2, infiniplex_forest_end_2,
          infiniplex_forest_lined_3, infiniplex_forest_end_3,
          infiniplex_forest_clump_double, st_stairs_6
D:2:      layout_rooms, tso_altar, nemelex_xobeh_ov_fountains_minmay,
          fedhas_altar_4, chequers_ecumenical_altar_simple,
          kennysheep_cluttered_room, minmay_mini_jars, uniq_jessica,
          uniq_terence
D:3:      layout_basic, first_ration, minivault_27, grunt_decor_mini_mirrors
D:4:      layout_basic, elyvilon_altar_3, cheibrodos_ashenzari_chains,
          minmay_temple_entry_wispy, wad_floor_pattern_untrapped, uniq_grinder
D:5:      minmay_inner_zag, layout_rooms, moated_statue, nrook_mini_backslash,
          uniq_pikel
D:6:      layout_loops_ring, overflow_temple_1_default
D:7:      layout_loops_ring, nicolae_overflow_hidden_temple
D:8:      layout_loops_ring, uniq_gastronok, uniq_grum
D:9:      layout_long_grid, erik_lair_dragon, orc_0_dummy
Temple:   eino_wide_crystal_templ
Lair:1:   layout_roguey, gauntlet_entry_generic, uniq_harold
Lair:2:   layout_layer_cave, elwin_shoals_entry_stream,
          spider_nest_entry_funnel_web, lemuel_fruit_tree, uniq_fannar
Lair:3:   cheibrodos_magma_flow, layout_cave_pods
Lair:4:   layout_layer_cave, minivault_26, st_stairs_7
Lair:5:   layout_roguey
Spider:1: layout_spider_delve
Spider:2: layout_spider_delve
Spider:3: layout_chambers
Spider:4: floodkiller_spider_rune_tomb

Skill      XL: |  1  2  3  4  5  6  7  8  9 10 11 12 13 14 15 |
---------------+----------------------------------------------+-----
Armour         | 1 2 3 4 7 8 9 |  9.9
Shields        | 1 2 3 4 |  4.0
Maces & Flails | 1 2 3 4 5 6 7 8 9 10 | 10.1
Conjurations   | 2 3 4 6 7 9 10 | 10.9
Fighting       | 1 2 3 4 5 6 |  6.6
Dodging        | 2 3 4 5 |  5.7
Poison Magic   | 4 5 7 8 9 10 11 | 11.0
Invocations    | 1 3 5 6 7 8 9 10 | 10.5
Spellcasting   | 3 5 6 7 8 |  8.0
Evocations     | 2 |  2.4
Staves         | 1 |  1.3
Bows           | 1 |  1.6
Fire Magic     | 3 5 |  5.3
Short Blades   | |  0.2
Throwing       | |  0.2
Stealth        | |  2.1
Unarmed Combat | |  0.8
Air Magic      | |  0.4

Action                   |  1- 3 |  4- 6 |  7- 9 | 10-12 | 13-15 || total
-------------------------+-------+-------+-------+-------+-------++-------
Melee: Short sword       |    11 |       |       |       |       ||    11
       Unarmed           |     2 |       |    17 |       |       ||    19
       Club              |   150 |       |       |       |       ||   150
       Mace              |    19 |   181 |     7 |       |       ||   207
       Flail             |       |       |   126 |    95 |       ||   221
       Whip              |       |       |   220 |   445 |       ||   665
       Dire flail        |       |       |       |   130 |   604 ||   734
       Quarterstaff      |       |       |       |    16 |       ||    16
 Fire: Shortbow          |       |       |       |    15 |    27 ||    42
Throw: Dart              |       |       |       |     3 |    11 ||    14
 Cast: Sting             |    15 |     7 |    18 |    28 |    21 ||    89
       Poisonous Vapours |     6 |    28 |    51 |    35 |    27 ||   147
       Mephitic Cloud    |       |       |     9 |    21 |    32 ||    62
       Olgreb's Toxic Ra |       |       |     2 |    38 |    46 ||    86
       Ignite Poison     |       |       |       |       |    40 ||    40
Invok: Minor Destruction |       |       |       |    20 |    12 ||    32
       Lesser Servant of |       |       |       |     4 |    15 ||    19
       Major Destruction |       |       |       |     2 |     1 ||     3
 Abil: Fly               |       |       |       |       |     1 ||     1
Evoke: Wand              |       |       |       |     9 |     2 ||    11
  Use: Scroll            |       |     5 |     8 |    11 |     8 ||    32
       Potion            |       |     1 |       |    11 |     7 ||    19
 Stab: Sleeping          |     1 |       |       |       |       ||     1
       Confused          |       |       |     3 |    11 |     9 ||    23
       Distracted        |       |       |       |       |     3 ||     3
  Eat: Chunk             |     2 |    12 |    14 |    20 |    25 ||    73
       Ration            |       |       |       |     5 |     4 ||     9
Armor: Robe              |    41 |   110 |   109 |    88 |       ||   348
       Skin              |       |       |     2 |       |    91 ||    93
       Troll leather arm |       |       |       |    60 |       ||    60
       Scale mail        |       |       |       |   242 |   692 ||   934
Dodge: Dodged            |    81 |   134 |   162 |   346 |   531 ||  1254
Block: Buckler           |    14 |    66 |   107 |   158 |       ||   345
       Reflection        |       |     1 |     4 |     2 |       ||     7
       Other             |       |       |       |     8 |    53 ||    61
